 Dungeon Crawl Stone Soup version 0.31.0-12-g77e489cdc1 (webtiles) character file.

Game seed: 15648016263729685846

119001 Goblin1989 the Hermetic (level 16, -32/120 HPs)
             Began as a Demonspawn Alchemist on Feb 11, 2024.
             Was a High Priest of Vehumet.
             Annihilated by a spriggan berserker
             ... wielding a +0 quarterstaff
              (37 damage)
             ... on level 3 of the Swamp on Feb 16, 2024.
             The game lasted 04:28:50 (29883 turns).

Goblin1989 the Hermetic (Demonspawn Alchemist)     Turns: 29883, Time: 04:28:50

Health: -32/120    AC: 11    Str:  6    XL:     16   Next: 26%
Magic:  23/34      EV: 18    Int: 29    God:    Vehumet [*****.]
Gold:   1953       SH:  7    Dex: 15    Spells: 12/43 levels left

rFire   + . .        J - +4 rapier "Guos" {speed, rC+ Str+3 Stlth+}
rCold   + . .        L - +0 kite shield
rNeg    + . .        U - +0 troll leather armour
rPois   +            (helmet restricted)
rElec   .            H - +1 cloak "Domaofam" {+Blink Str-5 Int+6 Slay+6}
rCorr   .            u - +0 pair of gloves
SInv    +            T - +2 pair of boots {Fly}
Will    ++...        j - amulet of magic regeneration
Stlth   +++          p - ring of willpower
HPRegen 1.20/turn    y - ring "Owoih" {rPois rF+ rN+ SInv}
MPRegen 0.64/turn

%: clarity
@: agile, flying
A: antennae 2, rugged brown scales 2, ignite blood 2, powered by pain 2,
clarity, screaming 1, wild magic 1
a: Renounce Religion, Evoke Blink


You were on level 3 of the Swamp.
You worshipped Vehumet.
Vehumet was extremely pleased with you.
You visited 6 branches of the dungeon, and saw 28 of its levels.
You also visited: Bailey and Gauntlet.

You collected 2606 gold pieces.
You spent 653 gold pieces at shops.

Inventory:

Hand Weapons
 J - the +4 rapier "Guos" (weapon) {speed, rC+ Str+3 Stlth+}
   (You found it on level 6 of the Dungeon)

   Str+3:     It affects your strength (+3).
   rC+:       It protects you from cold.
   Stlth+:    It makes you more stealthy.
 Y - a +5 dagger of distortion {!w}
Missiles
 i - 2 silver javelins {@Q3}
 t - 16 boomerangs {@Q3}
 A - 10 throwing nets {!d , @Q1}
 K - 10 javelins {@Q3}
Armour
 l - a +2 robe of willpower
 s - an orb of energy
 u - a +0 pair of gloves (worn)
 G - a scarf of repulsion
 H - the +1 cloak "Domaofam" (worn) {+Blink Str-5 Int+6 Slay+6}
   (You found it on level 5 of the Dungeon)

   Str-5:     It affects your strength (-5).
   Int+6:     It affects your intelligence (+6).
   Slay+6:    It affects your accuracy & damage with ranged weapons and melee
   (+6).
   +Blink:    It lets you blink.
 L - a +0 kite shield (worn)
 T - a +2 pair of boots of flying (worn)
 U - a +0 troll leather armour (worn)
Magical Staves
 z - a staff of fire
Jewellery
 c - a ring of positive energy
 e - a ring of protection from fire
 j - an amulet of magic regeneration (around neck)
 p - a ring of willpower (left hand)
 y - the ring "Owoih" (right hand) {rPois rF+ rN+ SInv}
   (You bought it in a shop on level 2 of the Orcish Mines)

   [ring of positive energy]

   rF+:       It protects you from fire.
   rPois:     It protects you from poison rN+: It protects you from negative
   energy.
   SInv:      It lets you see invisible.
Wands
 d - a wand of iceblast (26) {@v5}
 C - a wand of quicksilver (34)
 N - a wand of flame (54) {@v1}
 O - a wand of polymorph (13)
 V - a wand of mindburst (18)
 W - a wand of paralysis (3) {@v2}
Scrolls
 f - 7 scrolls of teleportation {!r, @r2}
 h - a scroll of fog
 r - 2 scrolls of amnesia
 v - a scroll of poison
 w - a scroll of summoning
 B - a scroll of revelation
 D - 2 scrolls of enchant armour
 F - 4 scrolls of vulnerability
 I - a scroll of immolation
 M - 2 scrolls of acquirement
 Q - 2 scrolls of noise {unknown}
 Z - 3 scrolls of blinking {!r, @r3}
Potions
 a - 2 potions of cancellation
 b - 2 potions of magic
 k - 3 potions of heal wounds {@q2}
 m - 2 potions of resistance {@q5}
 n - 2 potions of mutation {!q}
 o - 6 potions of attraction
 q - 6 potions of curing {@q1}
 x - 2 potions of ambrosia
 E - 5 potions of haste {@q3,}
 P - 8 potions of lignification
 R - 4 potions of brilliance
 S - 3 potions of might {@q4}
Miscellaneous
 g - a phial of floods
 X - a lightning rod (4/4)


   Skills:
 - Level 7.0 Fighting
 - Level 12.2 Dodging
 + Level 3.0 Stealth
 + Level 14.2 Spellcasting
 * Level 15.6 Conjurations
 * Level 16.5 Alchemy
 + Level 2.5 Evocations


You had 12 spell levels left.
You knew the following spells:

 Your Spells              Type           Power      Damage    Failure   Level
a - Sting                 Conj/Alch      100%       1d9       1%          1
b - Olgreb's Toxic Radia  Alch           100%       N/A       1%          4
c - Fulminant Prism       Conj/Alch      49%        3d21      1%          4
d - Iskenderun's Battles  Conj           98%        2d14      1%          5
e - Eringya's Noxious Bo  Alch           50%        4d6       3%          6
g - Arcjolt               Conj/Air       36%        1d46      16%         5
h - Mercury Vapours       Alch/Air       100%       N/A       1%          2
z - Brom's Barrelling Bo  Conj/Erth      72%        2d9       6%          4

Your spell library contained the following spells:

 Spells                   Type           Power      Damage    Failure   Level
 Lee's Rapid Deconstruct  Erth           13%        3d9*      95%         5
 Kiss of Death            Conj/Necr      100%       2d13      1%          1
 Momentum Strike          Conj/Tloc      100%       3d10      1%          2
 Searing Ray              Conj           100%       2d8       1%          2
 Mephitic Cloud           Conj/Alch/Air  82%        N/A       1%          3
 Dazzling Flash           Conj/Hex       100%       N/A       2%          3
 Hailstorm                Conj/Ice       72%        3d13      2%          3
 Stone Arrow              Conj/Erth      100%       3d13      2%          3
 Sticky Flame             Fire/Alch      73%        2d12      5%          4
 Sandblast                Erth           52%        2d12      14%         1
 Leda's Liquefaction      Alch/Erth      36%        N/A       21%         4
 Petrify                  Alch/Erth      73%        N/A       21%         4
 Frozen Ramparts          Ice            52%        1d8       36%         3
 Freezing Cloud           Conj/Ice/Air   30%        6-21      36%         5
 Blink                    Tloc           52%        N/A       61%         2
 Lesser Beckoning         Tloc           52%        N/A       61%         2
 Confusing Touch          Hex            26%        N/A       83%         3
 Gell's Gravitas          Tloc           26%        N/A       83%         3
 Ozocubu's Armour         Ice            26%        N/A       83%         3
 Passwall                 Erth           26%        N/A       83%         3
 Teleport Other           Tloc           26%        N/A       83%         3
 Sculpt Simulacrum        Ice/Alch       36%        N/A       95%         6
 Dispel Undead            Necr           26%        3d13      99%         4
 Metabolic Englaciation   Hex/Ice        13%        N/A       100%        5
 Dispersal                Tloc           13%        N/A       100%        6
 Haunt                    Necr/Summ      13%        N/A       100%        7
 Borgnjor's Revivificati  Necr           13%        N/A       100%        8
 Death's Door             Necr           13%        N/A       100%        9


Dungeon Overview and Level Annotations

Branches:
Dungeon (15/15) Zot: 25226  Temple (1/1) D:4 Zot: 5981    Lair (5/5) D:9 Zot: 22377
  Swamp (2/4) Lair:3 Zot: 17426   Snake (2/4) Lair:2 Zot: 8361   Slime (0/5) Lair:5
    Orc (2/2) D:11 Zot: 9891     Elf (0/3) Orc:2        Vaults (0/5) D:13
 Depths (0/4) D:15         Bailey (visited)         Gauntlet (visited)

Altars:
Ashenzari
Cheibriados
Fedhas
Gozag
Hepliaklqana
Kikubaaqudgha
Makhleb
Nemelex Xobeh
Qazlal
Ru
Sif Muna
Trog
Uskayaw
Vehumet
Wu Jian
Xom
Yredelemnul
Jiyva

Shops:
D:13 *   Orc:1 (   Orc:2 (?=*

Portals:
Pandemonium: Orc:2

Annotations:
D:3 3 runed translucent doors, Longtemps's ghost, amateur OpFE
Lair:1 1 runed translucent door, 7tar4e's ghost, journeyman VSFi
Lair:5 exclusion: oklob plant


Innate Abilities, Weirdness & Mutations

You have a pair of antennae on your head.
You are mostly covered in rugged brown scales. (AC +2, +5% HP)
Your demonic aura often causes spilled blood to erupt in flames.
You sometimes gain power by taking damage.
You possess an exceptional clarity of mind.
You occasionally shout uncontrollably at your foes.
Your spells are a little harder to cast, but a little more powerful.


Message History

A fulminant prism comes into view.
A spriggan rider comes into view. It is wielding a +0 spear.
The spriggan berserker mumbles some strange prayers to Trog.
The spriggan berserker goes berserk!
The spriggan rider hits you from afar with a +0 spear.
You now have 24/34 mp.
Casting: Fulminant Prism (safe; 1% risk of failure)
Confirm with . or Enter, or press ? or * to list all spells.
Okay, then.
Casting: Fulminant Prism (safe; 1% risk of failure)
Confirm with . or Enter, or press ? or * to list all spells.
You conjure a globe of magical energy.
The spriggan berserker hits your battlesphere with a +0 quarterstaff!!
The alligator tail-slaps you! The alligator closely misses you. x2
The alligator bites you! The alligator drags you backwards!
A death drake comes into view.
You block the spriggan rider's attack.
The spriggan air mage hits your battlesphere.
Your fulminant prism crackles loudly.
You take 22 damage, and have 93/120 hp.
You now have 19/34 mp.
Unknown command.
The spriggan berserker hits your battlesphere with a +0 quarterstaff!!
Your battlesphere is destroyed!
The alligator tail-slaps you but does no damage.
You block the alligator's attack.
The spriggan rider hits you from afar with a +0 spear!
The alligator tail-slaps you! The alligator bites you.
Your fulminant prism explodes!
The blast of energy engulfs the spriggan rider!!!
You kill the spriggan!
Vehumet accepts your kill.
You feel your power returning.
The hornet is heavily wounded.
The blast of energy engulfs the alligator!!!
The alligator is severely wounded.
The blast of energy engulfs the alligator!!
The alligator is heavily wounded.
You take 26 damage, and have 67/120 hp.
MASSIVE DAMAGE!!
You regained 2 mp, and now have 21/34 mp.
Unknown command.
Casting: Iskenderun's Battlesphere (mildly dangerous; 1% risk of failure)
Confirm with . or Enter, or press ? or * to list all spells.
Aiming: Mercury Vapours (safe; 1% risk of failure)
Press: ? - help, Dir - move target, f - hornet
Aim: a hornet (heavily wounded, chance to weaken: 100%)
Okay, then.
Casting: Mercury Vapours (safe; 1% risk of failure)
Confirm with . or Enter, or press ? or * to list all spells.
Electricity surges outward!
The alligator is struck by an electric surge.
The alligator is heavily wounded.
The alligator is struck by an electric surge.
The alligator is severely wounded.
The spriggan berserker is struck by an electric surge!
The spriggan berserker is lightly wounded.
The spriggan air mage is struck by an electric surge!!!
You kill the spriggan air mage!
Vehumet accepts your kill.
You feel your power returning.
The hornet is struck by an electric surge!!
You kill the hornet!
Vehumet accepts your kill.
You feel your power returning.
The alligator tail-slaps you but does no damage.
The alligator bites you but does no damage.
The spriggan berserker is engulfed in blazing flames.
The spriggan berserker hits you with a +0 quarterstaff!!
* * * LOW HITPOINT WARNING * * *
You focus on the pain.
You feel agile all of a sudden.
The alligator tail-slaps you but does no damage.
The alligator misses you.
The spriggan rider hits you from afar with a +0 spear!
* * * LOW HITPOINT WARNING * * *
A swamp worm comes into view.
The alligator tail-slaps you.
* * * LOW HITPOINT WARNING * * *
The alligator barely misses you.
Your Stealth skill increases to level 3!
You take 44 damage, and have 23/120 hp.
MASSIVE DAMAGE!!
Okay, then.
A swamp dragon comes into view.
The spriggan berserker is engulfed in blazing flames.
The spriggan berserker barely misses you.
A swamp worm comes into view.
The spriggan berserker rages.
The spriggan berserker attacks as it pursues you!
You block the spriggan berserker's attack.
The spriggan rider hits you with a +0 spear!
* * * LOW HITPOINT WARNING * * *
You focus on the pain.
You feel more agile all of a sudden. The alligator tail-slaps you.
* * * LOW HITPOINT WARNING * * *
The alligator bites you.
* * * LOW HITPOINT WARNING * * *
The alligator drags you backwards!
The spriggan berserker is engulfed in blazing flames.
The spriggan berserker hits you with a +0 quarterstaff!!!
You die...

♣♣♣♣.♣~♣♣♣♣♣♣
♣♣♣~♣.........♣♣
♣~~.~..~~....~~.
.~.~.~..........
~...............
...~..).°[......
§~.~....°.♣
.....~ll○.♣
.~w.§k.@i○♣♣♣♣.w
~....~~i§........
........§[.......
.♣..?♣.........D.
♣♣~~§.........~.
.~~~.♣.......~.~
....~♣♣§..~....~~
~§~~. ......~.♣~.
~~~ .~...♣♣♣.


You could see a death drake, 2 alligators, a spriggan rider, a spriggan
berserker (berserk) and a swamp worm.

Vanquished Creatures
  Frances (Snake:2)
  Nessos (Lair:5)
  2 eleionomae (Swamp:1)
  Azrael (D:13)
  An ettin (Orc:2)
  Josephine (D:13)
  An entropy weaver (D:13)
  Harold (Orc:1)
  A vault guard (D:13)
  A rakshasa (D:15)
  6 hydras
  A salamander tyrant (Snake:2)
  An anaconda (Snake:1)
  2 centaur warriors
  4 catoblepae
  2 demonspawn (Orc:2)
  2 boulder beetles (D:14)
  Erica (Lair:2)
  An ogre mage (D:15)
  5 two-headed ogres (D:15)
  A spriggan air mage (Swamp:3)
  8 death yaks
  4 naga warriors
  A deep troll shaman (Lair:5)
  9 orc high priests (Orc:2)
  A shock serpent (Snake:1)
  A skyshark (Lair:3)
  4 sea snakes (Snake:2)
  2 goliath frogs (Swamp:1)
  3 mana vipers (Snake:1)
  3 bog bodies (Swamp:1)
  A lindwurm (Lair:5)
  3 orc knights (Orc:2)
  4 deep elf pyromancers
  A necromancer (D:15)
  4 orc sorcerers (Orc:2)
  An oklob plant (Lair:5)
  3 ugly things (D:15)
  6 salamanders
  3 manticores
  8 cyclopes
  17 black mambas
  3 meliai (D:15)
  3 kobold blastminers
  6 elephants
  3 naga magi
  A rust devil (Orc:2)
  A centaur zombie (D:15)
  A guardian serpent (Snake:2)
  A gargoyle (D:13)
  13 cane toads
  2 centaur skeletons (D:15)
  Jeremiah (D:6)
  A torpor snail (Lair:4)
  An unseen horror (shapeshifter) (D:14)
  10 komodo dragons
  2 unseen horrors (D:13)
  3 kobold demonologists (D:13)
  An efreet (D:14)
  4 tengu conjurers
  8 rime drakes
  Psyche (D:10)
  3 ice devils
  6 trolls
  A tyrant leech (Swamp:1)
  A bloated husk (Swamp:1)
  6 polar bears
  6 hornets
  17 blink frogs
  7 dream sheep (Lair:5)
  A vampire (D:13)
  3 centaur simulacra (D:15)
  6 spriggans
  A shapeshifter (D:15)
  5 wraiths (D:13)
  A ynoxinul (Orc:2)
  A shadow (D:10)
  7 wyverns
  2 fire elementals (D:13)
  2 water elementals (D:13)
  54 yaks
  A basilisk (Lair:4)
  Grum (Bailey)
  4 vampire mosquitoes
  3 wargs
  A chaos spawn (Orc:2)
  A naga (shapeshifter) (D:15)
  2 swamp worms
  An acid dragon (D:13)
  12 nagas
  15 water moccasins
  3 hell hounds (D:13)
  5 black bears
  2 meliai simulacra (D:14)
  An ice beast (D:5)
  2 laughing skulls (D:14)
  30 orc warriors
  A sky beast (D:7)
  34 wolves
  A centaur (D:9)
  9 ogres
  A phantom (D:6)
  2 kobold brigands (D:13)
  Blork the orc (D:4)
  12 bullfrogs
  7 gnoll sergeants (Bailey)
  An elephant simulacrum (Lair:1)
  12 killer bees
  4 howler monkeys
  3 hounds
  3 lava snakes (D:10)
  26 orc priests
  8 gnoll boudas
  Jessica (D:2)
  Ijyb (D:4)
  4 iguanas
  Natasha (thrice) (D:2)
  A troll simulacrum (Lair:1)
  21 orc wizards
  2 polar bear simulacra (Lair:1)
  A spriggan simulacrum (Lair:1)
  32 gnolls
  11 adders
  A shadow imp (D:8)
  2 white imps
  4 ufetubi
  5 ribbon worms
  71 orcs
  5 bats
  A bat zombie (D:2)
  9 endoplasms
  6 giant cockroaches
  13 goblins
  10 hobgoblins
  14 kobolds
  6 quokkas
  9 ball pythons
  A ball python skeleton (D:2)
  6 frilled lizards
  A quokka zombie (D:2)
  5 rats
  18 boulders
  2 fulminant prisms
795 creatures vanquished.

Vanquished Creatures (collateral kills)
  15 boulders
15 creatures vanquished.

Vanquished Creatures (others)
  22 boulders
  380 fulminant prisms
402 creatures vanquished.

Grand Total: 1212 creatures vanquished

Notes
Turn   | Place    | Note
-------+----------+-------------------------------------------
     0 | D:1      | Goblin1989 the Demonspawn Alchemist began the quest for the
                  | Orb.
     0 | D:1      | Reached XP level 1. HP: 13/13 MP: 3/3
   216 | D:1      | Gained mutation: You have a pair of small antennae on your
                  | head. [demonic ancestry]
   216 | D:1      | Reached XP level 2. HP: 16/19 MP: 1/5
  1164 | D:1      | Gained mutation: You sometimes gain a little power by
                  | taking damage. [demonic ancestry]
  1164 | D:1      | Reached XP level 3. HP: 24/24 MP: 4/6
  1586 | D:2      | Noticed Jessica
  1592 | D:2      | Killed Jessica
  1593 | D:2      | Reached XP level 4. HP: 30/30 MP: 1/7
  1723 | D:2      | Noticed Natasha
  1740 | D:2      | Killed Natasha
  1741 | D:2      | Reached skill level 4 in Alchemy
  1925 | D:2      | Learned a level 4 spell: Olgreb's Toxic Radiance
  2107 | D:2      | Reached XP level 5. HP: 28/35 MP: 9/9
  2333 | D:2      | Noticed Natasha
  2341 | D:2      | Killed Natasha
  2367 | D:2      | Noticed Natasha
  2422 | D:2      | Killed Natasha
  3524 | D:3      | Found a hide-covered altar of Uskayaw.
  3547 | D:3      | Gained mutation: Your demonic aura sometimes causes spilled
                  | blood to erupt in flames. [demonic ancestry]
  3547 | D:3      | Reached XP level 6. HP: 41/41 MP: 7/10
  3775 | D:3      | Found a runed translucent gate.
  3775 | D:3      | Found a runed translucent gate.
  3775 | D:3      | Found a runed translucent gate.
  3778 | D:3      | Noticed Longtemps's ghost (amateur OpFE)
  3870 | D:4      | Reached skill level 5 in Alchemy
  4013 | D:4      | Noticed Ijyb
  4022 | D:4      | Killed Ijyb
  4259 | D:4      | Found a hazy altar of Hepliaklqana.
  4651 | D:4      | Noticed Blork the orc
  4662 | D:4      | Killed Blork the orc
  4663 | D:4      | Reached skill level 5 in Conjurations
  4663 | D:4      | Reached XP level 7. HP: 38/46 MP: 9/12
  4757 | D:4      | Found a staircase to the Ecumenical Temple.
  4766 | Temple   | Entered the Ecumenical Temple
  4777 | Temple   | Became a worshipper of Vehumet
  4949 | D:5      | Entered Level 5 of the Dungeon
  5049 | D:5      | Reached skill level 6 in Alchemy
  5179 | D:5      | Gained mutation: Your spells are a little harder to cast,
                  | but a little more powerful. [potion of mutation]
  5179 | D:5      | Gained mutation: You occasionally shout uncontrollably at
                  | your foes. [potion of mutation]
  5179 | D:5      | Gained mutation: You possess an exceptional clarity of
                  | mind. [potion of mutation]
  5419 | D:5      | Reached skill level 5 in Spellcasting
  5419 | D:5      | Gained mutation: Your demonic aura often causes spilled
                  | blood to erupt in flames. [demonic ancestry]
  5419 | D:5      | Reached XP level 8. HP: 39/52 MP: 15/15
  5476 | D:5      | Identified the +1 cloak "Domaofam" {+Blink Str-5 Int+6
                  | Slay+6}
  5693 | D:5      | Reached skill level 7 in Alchemy
  5964 | D:6      | Noticed Jeremiah
  6029 | D:6      | Identified the +4 rapier "Guos" {speed, rC+ Str+3 Stlth+}
  6239 | D:6      | Killed Jeremiah
  6240 | D:6      | Reached skill level 8 in Alchemy
  6427 | D:6      | Reached * piety under Vehumet
  6427 | D:6      | Offered knowledge of Kiss of Death by Vehumet.
  6485 | D:6      | Found a snail-covered altar of Cheibriados.
  7092 | D:7      | Reached XP level 9. HP: 45/57 MP: 15/18
  7526 | D:7      | Noticed a troll
  7559 | D:7      | Killed a troll
  7560 | D:7      | Reached skill level 9 in Alchemy
  7759 | D:7      | Reached skill level 5 in Dodging
  8242 | D:8      | Found a broken altar of Ashenzari.
  8242 | D:8      | Found a stormy altar of Qazlal.
  8242 | D:8      | Found an ornate altar of the Wu Jian Council.
  8242 | D:8      | Found an opulent altar of Gozag.
  8531 | D:9      | Noticed a troll
  8538 | D:8      | Noticed a two-headed ogre
  8551 | D:9      | Found a staircase to the Lair.
  8577 | D:9      | Killed a troll
  8773 | D:9      | Reached XP level 10. HP: 55/63 MP: 18/22
  8790 | D:9      | Reached ** piety under Vehumet
  8790 | D:9      | Offered knowledge of Searing Ray by Vehumet.
  8794 | D:9      | Learned a level 2 spell: Searing Ray
  9365 | Lair:1   | Entered Level 1 of the Lair of Beasts
  9404 | Lair:1   | Learned a level 2 spell: Mercury Vapours
  9412 | Lair:1   | Noticed a cane toad
  9450 | D:10     | Entered Level 10 of the Dungeon
  9562 | D:10     | Identified the +10 plate armour of Ycoc {Rampage Will+}
  9606 | D:10     | Found a flagged portal.
  9615 | Bailey   | Entered a bailey
  9714 | Bailey   | Offered knowledge of Dazzling Flash by Vehumet.
  9761 | Bailey   | Reached skill level 10 in Spellcasting
  9806 | Bailey   | Reached *** piety under Vehumet
  9813 | Bailey   | Reached skill level 10 in Dodging
  9880 | Bailey   | Learned a level 3 spell: Dazzling Flash
  9905 | Bailey   | Identified the +6 flail "Jibem" {antimagic, Str+4 SInv}
  9905 | Bailey   | Noticed Grum
  9924 | Bailey   | Killed Grum
 10183 | D:10     | Gained mutation: You are partially covered in rugged brown
                  | scales. (AC +1, +3% HP) [demonic ancestry]
 10183 | D:10     | Reached XP level 11. HP: 63/70 MP: 18/25
 10221 | D:10     | Noticed Psyche
 10394 | D:10     | Killed Psyche
 10736 | Lair:1   | Noticed a death yak
 10789 | Lair:1   | Offered knowledge of Fulminant Prism by Vehumet.
 10807 | Lair:1   | Learned a level 4 spell: Fulminant Prism
 11150 | Lair:1   | Reached skill level 1 in Fighting
 11268 | Lair:1   | Reached **** piety under Vehumet
 11315 | Lair:1   | Found a runed translucent door.
 11316 | Lair:1   | Noticed 7tar4e's ghost (journeyman VSFi)
 11536 | Lair:1   | Killed a death yak
 11536 | Lair:1   | Offered knowledge of Iskenderun's Battlesphere by Vehumet.
 11544 | Lair:1   | Learned a level 5 spell: Iskenderun's Battlesphere
 11588 | Lair:1   | Noticed a death yak
 11609 | Lair:1   | Killed a death yak
 11665 | Lair:1   | Got the Folio of Hail
 11906 | Lair:2   | Reached XP level 12. HP: 78/82 MP: 21/27
 11975 | Lair:2   | Reached skill level 10 in Alchemy
 12107 | Lair:2   | Reached ***** piety under Vehumet
 12766 | Lair:2   | Found a staircase to the Snake Pit.
 12806 | Lair:2   | Offered knowledge of Brom's Barrelling Boulder by Vehumet.
 12812 | Lair:2   | Learned a level 4 spell: Brom's Barrelling Boulder
 12901 | Lair:2   | Noticed Erica
 12907 | Lair:2   | Killed Erica
 13147 | Lair:3   | Reached skill level 11 in Alchemy
 13345 | Lair:3   | Noticed a seven-headed hydra
 13354 | Lair:3   | Killed a seven-headed hydra
 13379 | Lair:3   | Reached skill level 10 in Conjurations
 13512 | Lair:3   | Gained mutation: You have a pair of antennae on your head.
                  | [demonic ancestry]
 13512 | Lair:3   | Reached XP level 13. HP: 90/92 MP: 24/29
 13514 | Lair:3   | Reached skill level 5 in Fighting
 13630 | Lair:3   | Found a staircase to the Swamp.
 13754 | Lair:3   | Identified the +1 scale mail of Pantheism {Str+2}
 14180 | Lair:4   | Found a gate leading to a gauntlet.
 14201 | Gauntlet | Entered a Gauntlet
 14201 | Gauntlet | Found a transporter.
 14201 | Gauntlet | Found a transporter.
 14201 | Gauntlet | Found a transporter.
 14202 | Gauntlet | Found a transporter.
 14205 | Gauntlet | Found a transporter.
 14205 | Gauntlet | Found a transporter.
 14211 | Gauntlet | Noticed a blizzard demon
 14219 | Gauntlet | Found a transporter.
 14221 | Gauntlet | Found a transporter.
 14229 | Gauntlet | Found a transporter.
 14332 | Gauntlet | Found a transporter.
 14336 | Gauntlet | Found a transporter.
 14338 | Gauntlet | Noticed a blizzard demon
 14350 | Gauntlet | Found a transporter.
 14466 | Lair:4   | Reached skill level 12 in Alchemy
 15467 | Lair:5   | Entered Level 5 of the Lair of Beasts
 15633 | Lair:5   | Offered knowledge of Arcjolt by Vehumet.
 15956 | Lair:5   | Found a viscous altar of Jiyva.
 15957 | Lair:5   | Found a staircase to the Slime Pits.
 16079 | Lair:5   | Reached skill level 13 in Alchemy
 16223 | Lair:5   | Learned a level 5 spell: Arcjolt
 16960 | Lair:5   | Noticed Nessos
 16972 | Lair:5   | Killed Nessos
 17395 | D:10     | Reached XP level 14. HP: 101/101 MP: 25/30
 17559 | D:11     | Found an ancient bone altar of Kikubaaqudgha.
 17646 | D:11     | Found a staircase to the Orcish Mines.
 17863 | Orc:1    | Entered Level 1 of the Orcish Mines
 17991 | Orc:1    | Found Baan Meppy's Antique Weapon Boutique.
 18078 | Orc:2    | Entered Level 2 of the Orcish Mines
 18162 | Orc:2    | Found a staircase to the Elven Halls.
 18266 | Orc:1    | Offered knowledge of Eringya's Noxious Bog by Vehumet.
 18333 | Orc:1    | Noticed Harold
 18341 | Orc:1    | Killed Harold
 18611 | Orc:2    | Found Fahin's Magic Scroll Shoppe.
 18692 | Orc:2    | Found Ashy's General Store.
 18753 | Orc:2    | Bought a scroll of fog for 48 gold pieces
 19306 | Orc:2    | Reached skill level 14 in Alchemy
 19332 | Orc:2    | Learned a level 6 spell: Eringya's Noxious Bog
 19903 | Orc:2    | Found Roaz Tuihau's Jewellery Boutique.
 19903 | Orc:2    | Found Eniur's Antique Weapon Shop.
 19904 | Orc:2    | Found a one-way gate leading to the halls of Pandemonium.
 19906 | Orc:2    | Bought the ring "Owoih" {rPois rF+ rN+ SInv} for 508 gold
                  | pieces
 20745 | D:12     | Offered knowledge of Spellforged Servitor by Vehumet.
 20905 | D:12     | You are sucked into a shaft and drop 1 floor!
 21203 | D:13     | Found a gate to the Vaults.
 21362 | D:13     | Gained mutation: You are mostly covered in rugged brown
                  | scales. (AC +2, +5% HP) [demonic ancestry]
 21362 | D:13     | Reached XP level 15. HP: 106/113 MP: 26/32
 21750 | D:13     | Reached ****** piety under Vehumet
 21803 | D:13     | Noticed Azrael
 21873 | D:13     | Killed Azrael
 22176 | D:13     | Reached skill level 15 in Alchemy
 22195 | D:13     | Found Rono's General Store.
 22202 | D:13     | Bought a scroll of blinking for 97 gold pieces
 22492 | D:13     | Noticed Josephine
 22501 | D:13     | Killed Josephine
 22956 | D:14     | Found a sacrificial altar of Ru.
 23398 | D:15     | Entered Level 15 of the Dungeon
 23748 | D:15     | Identified the +0 ring mail of the Shouting Gods {Harm
                  | rPois Int-4}
 23753 | D:15     | Found a broken altar of Ashenzari.
 24100 | D:15     | Found a staircase to the Depths.
 24553 | D:15     | Identified the +5 ring mail of Gayt {rC++ Str-4 Dex+10
                  | Stlth-}
 24560 | D:15     | Offered knowledge of Lee's Rapid Deconstruction by Vehumet.
 25221 | Snake:1  | Entered Level 1 of the Snake Pit
 25988 | Snake:1  | HP: 4/113 [shock serpent/bolt of electricity (19)]
 26384 | Snake:1  | Reached skill level 15 in Conjurations
 26652 | Snake:1  | Reached skill level 16 in Alchemy
 27959 | Snake:2  | Reached skill level 1 in Evocations
 28548 | Snake:2  | Gained mutation: You sometimes gain power by taking damage.
                  | [demonic ancestry]
 28548 | Snake:2  | Reached XP level 16. HP: 120/120 MP: 30/34
 28632 | Snake:2  | Noticed Frances
 28668 | Snake:2  | Killed Frances
 28932 | Swamp:1  | Entered Level 1 of the Swamp
 29631 | Swamp:1  | Identified 2 scrolls of acquirement
 29875 | Swamp:2  | You are sucked into a shaft and drop 1 floor!
 29883 | Swamp:3  | HP: 5/120 [alligator (5)]
 29883 | Swamp:3  | Annihilated by a spriggan berserker

Illustrated notes

Levels and vault maps discovered:
D:1:      spicycebolla_arrival_ecumenical, layout_basic
D:2:      layout_rooms, serial_undead, serial_undead_c, serial_undead_b,
          serial_undead_c, serial_undead_a, minmay_indecisive_spiral,
          uniq_jessica, uniq_natasha
D:3:      layout_loops_cross, nicolae_uskayaw_murder_on_the_dancefloor,
          gammafunk_ghost_nasty_kobolds, minmay_misc_feat_columns,
          minmay_goblin_kobold_house
D:4:      layout_basic, mainiacjoe_overflow_large_starburst, temple_hall,
          uniq_ijyb, uniq_blork_the_orc
D:5:      layout_loops_ring
D:6:      layout_basic, general_overflow_altar, minmay_door_square,
          grunt_ministairs_9, minmay_misc_feat_roman, uniq_jeremiah
D:7:      layout_basic, st_stairs_8, eino_small_chamber_without_monster
D:8:      layout_rooms, minmay_overflow_temple_hex, minivault_25
D:9:      layout_basic, erik_lair_orcish_takeover
D:10:     layout_big_octagon, enter_bailey_1, minmay_strange_pillars,
          uniq_psyche
D:11:     layout_rooms, david_orc_3, nicolae_kikubaaqudgha_miasma_corner
D:12:     layout_rooms, uniq_gastronok, uniq_kirke, uniq_urug
D:13:     layout_basic, hellmonk_vaults_order_and_chaos, serial_shops,
          nicolae_lakefront_shop, uniq_azrael, uniq_josephine
D:14:     layout_basic, nicolae_ru_awakened_eye, serial_park_tiny_pond
D:15:     grunt_enter_depths_magical_seal, layout_layer_cave,
          nicolae_ashenzari_panopticon
Temple:   nicolae_temple_ecumenical_triangle
Lair:1:   dreamdust_isle_of_ice, layout_regular_city,
          ebering_ghost_reflecting_pool, grunt_megastairs_2,
          serial_bayou_shore_a
Lair:2:   layout_chaotic_city, alex1729_snake_entry_snake,
          grunt_forest_large_clearings, uniq_erica
Lair:3:   layout_gridlike, swamp_mist, grunt_megastairs_1
Lair:4:   beast_lair_carwin_large_2, layout_small_grid, gauntlet_entry_generic,
          infiniplex_staircase_pool, serial_bayou_shore_b
Lair:5:   grunt_lair_end_beastmaster, layout_layer_cave,
          minmay_slime_entry_oklob_open, uniq_nessos
Swamp:1:  layout_basic_swamp, nicolae_swamp_treefoil,
          infiniplex_staircase_pool_2, nicolae_swamp_decorative_isthmus
Swamp:2:  layout_basic_swamp, gammafunk_ghost_cemetery,
          evilmike_swamp_ruin_rubble_2, uniq_donald
Swamp:3:  nzn_winding_woodlands_three_and_one
          [nzn_winding_woodlands_5x15_concentric,
          nzn_winding_woodlands_5x15_sidewinder, nzn_winding_woodlands_5x15_eye,
          nzn_winding_woodlands_center_pierced_h], layout_basic_swamp,
          nicolae_swamp_round_clearing
Snake:1:  layout_grid_maze, nicolae_snake_gridmaze_tees, grunt_megastairs_4
Snake:2:  nicolae_sea_snake_s, layout_honeycomb, uniq_frances
Orc:1:    layout_diamond_mine, serial_shops, nicolae_shop_real_fake_doors,
          uniq_harold
Orc:2:    pf_orc_diabolical, layout_diamond_mine

Skill      XL: |  1  2  3  4  5  6  7  8  9 10 11 12 13 14 15 16 |
---------------+-------------------------------------------------+-----
Conjurations   | 2 3 5 6 8 10 12 13 15 | 15.6
Alchemy        | 4 5 6 8 9 11 13 14 16 | 16.5
Spellcasting   | 3 5 6 8 10 11 12 13 14 | 14.2
Dodging        | 4 8 10 11 12 | 12.2
Fighting       | 2 4 5 7 |  7.0
Evocations     | 1 2 |  2.5
Stealth        | 3 |  3.0

Action                     |  1- 3 |  4- 6 |  7- 9 | 10-12 | 13-15 | 16-18 || total
---------------------------+-------+-------+-------+-------+-------+-------++-------
  Melee: Unarmed           |    13 |       |       |       |       |       ||    13
         Punch             |     1 |     1 |       |       |     1 |       ||     3
         Short sword       |     5 |    42 |    10 |       |       |       ||    57
         Rapier            |       |       |     6 |    19 |   133 |     6 ||   164
   Cast: Sting             |    57 |   154 |   197 |   186 |    66 |       ||   660
         Olgreb's Toxic Ra |       |     7 |    22 |   111 |   211 |       ||   351
         Searing Ray       |       |       |       |     9 |       |       ||     9
         Mercury Vapours   |       |       |       |     1 |     1 |     2 ||     4
         Fulminant Prism   |       |       |       |    49 |   279 |    55 ||   383
         Iskenderun's Batt |       |       |       |     6 |    37 |     9 ||    52
         Dazzling Flash    |       |       |       |     1 |       |       ||     1
         Brom's Barrelling |       |       |       |     5 |    58 |     3 ||    66
         Arcjolt           |       |       |       |       |    20 |     6 ||    26
         Eringya's Noxious |       |       |       |       |     5 |     5 ||    10
  Evoke: Wand              |       |       |     2 |       |     1 |     1 ||     4
    Use: Potion            |       |       |     4 |     1 |     8 |       ||    13
         Scroll            |       |       |       |    13 |    12 |     2 ||    27
   Stab: Distracted        |       |       |       |       |     1 |       ||     1
 Armour: Robe              |    23 |    77 |   107 |    21 |    75 |    29 ||   332
         Troll leather arm |       |       |       |   108 |   123 |    31 ||   262
         Skin              |       |       |       |     3 |       |       ||     3
  Dodge: Dodged            |    32 |    79 |    96 |   125 |   250 |    27 ||   609
         Repelled          |       |       |     3 |       |       |       ||     3
  Block: Kite shield       |       |       |       |       |       |    22 ||    22
